 Dungeon Crawl Stone Soup version 0.28-a0-1510-gd0f6b136d3 (webtiles) character file.

Game seed: 1530985314448172856

135 Gargoyl the Skirmisher (level 5, -5/43 (47) HPs)
             Began as a Gnoll Abyssal Knight on Jan 15, 2022.
             Was a Believer of Lugonu.
             Slain by a wight (10 damage)
             ... on level 4 of the Dungeon.
             The game lasted 00:05:22 (3405 turns).

Gargoyl the Skirmisher (Gnoll Abyssal Knight)       Turns: 3405, Time: 00:05:22

HP:   -5/43 (47)    AC:  7    Str: 14    XL:     5   Next: 18%
MP:   8/8           EV: 11    Int:  9    God:    Lugonu [**....]
Gold: 71            SH:  0    Dex: 13    Spells: 6/6 levels left

rFire   . . .      SeeInvis .   d - +5 war axe (venom)
rCold   . . .      Faith    .   (no shield)
rNeg    . . .      Spirit   .   l - +0 ring mail
rPois   .          Reflect  .   (no helmet)
rElec   .          Harm     .   k - +0 cloak
rCorr   .          Rampage  .   (no gloves)
Will    .....                   (no boots)
Stlth   +.........              (no amulet)
HPRegen 0.14/turn               (no ring)
MPRegen 0.11/turn               (no ring)

@: drained
A: fangs 1, strong nose, distributed training
a: Renounce Religion, Depart the Abyss, Bend Space


You were on level 4 of the Dungeon.
You worshipped Lugonu.
Lugonu was pleased with you.
You visited 1 branch of the dungeon, and saw 4 of its levels.
You visited the Abyss 1 time.

You collected 113 gold pieces.
You spent 42 gold pieces at shops.

Inventory:

Hand Weapons
 a - a +1 hand axe
 d - a +5 war axe of venom (weapon)
Missiles
 f - 4 poisoned darts (quivered)
Armour
 k - a +0 cloak (worn)
 l - a +0 ring mail (worn)
Scrolls
 c - 3 scrolls of identify
 e - 3 scrolls of teleportation
 i - a scroll of fog {unknown}
Potions
 b - a potion of mutation {unknown}
 g - 2 potions of cancellation {unknown}
 h - 2 potions of curing {unknown}
 j - a potion of degeneration {unknown}
 m - a potion of flight {unknown}


   Skills:
 + Level 6.6 Fighting
 + Level 1.4 Short Blades
 + Level 1.4 Long Blades
 + Level 4.7 Axes
 + Level 1.4 Maces & Flails
 + Level 1.4 Polearms
 + Level 1.4 Staves
 + Level 1.4 Slings
 + Level 1.4 Bows
 + Level 1.4 Crossbows
 + Level 1.4 Throwing
 + Level 4.7 Armour
 + Level 2.9 Dodging
 + Level 1.4 Stealth
 + Level 1.4 Shields
 + Level 1.4 Unarmed Combat
 + Level 1.4 Spellcasting
 + Level 1.1 Conjurations
 + Level 1.1 Hexes
 + Level 1.1 Summonings
 + Level 1.1 Necromancy
 + Level 1.1 Translocations
 + Level 1.1 Transmutations
 + Level 1.1 Fire Magic
 + Level 1.1 Ice Magic
 + Level 1.1 Air Magic
 + Level 1.1 Earth Magic
 + Level 1.1 Poison Magic
 + Level 4.8 Invocations
 + Level 1.4 Evocations


You had 6 spell levels left.
You didn't know any spells.
Your spell library contained the following spells:

 Spells                   Type           Power      Damage    Failure   Level
 Confusing Touch          Hex            2%         N/A       78%         3
 Yara's Violent Unravell  Hex/Tmut       1%         3d3       100%        5
 Enfeeble                 Hex            1%         N/A       100%        7


Dungeon Overview and Level Annotations

Branches:
Dungeon (4/15)
 Temple: D:4-7

Altars:
Fedhas
Ru

Shops:
D:1 :   D:2 ?   D:3 [!?[:


Innate Abilities, Weirdness & Mutations

You have very sharp teeth.
Your uncanny sense of smell can sniff out nearby items.
Your experience applies equally to all skills.


Message History

Lugonu accepts your kill.
Unknown command.
Unknown command.
You now have 71 gold pieces (gained 10).
A wight comes into view. It is wielding a +0 hand axe.
A wight is nearby!
A wight is nearby!
A wight is nearby! 2 wights come into view.
The wight moves out of view.
The wight hits you with a +0 hand axe.
Unknown command.
You slash the wight!
The wight is severely damaged.
The wight hits you but does no damage.
You barely miss the wight. You bite the wight.
The wight is severely damaged.
You hit the wight but do no damage. The wight barely misses you.
Unknown command.
The wight misses you. The wight barely misses you.
The wight closely misses you.
Unknown command.
You slash the wight! You bite the wight, but do no damage.
The wight is almost destroyed.
You hit the wight but do no damage. You completely miss the wight.
The wight barely misses you. The wight misses you.
The wight hits you with a +2 halberd. The wight misses you.
The wight hits you with a +0 hand axe. The wight hits you with a +2 halberd!
You feel drained.
You completely miss the wight.
The wight is almost destroyed.
You closely miss the wight. You hit the wight.
The wight hits you with a +0 dire flail.
* * * LOW HITPOINT WARNING * * *
You feel drained.
* * * LOW HITPOINT WARNING * * *
The wight hits you with a +0 hand axe.
* * * LOW HITPOINT WARNING * * *
The wight hits you with a +2 halberd!
You die...

#.⌠. #...#
#...###.<.#
..........#
........### ###
........# ##..
#.......####..#
#..........#..#
#........8.#z.#
...........#@z#
>.###...####.z#
.. #.⌠.#.....#
##
###...###...#
#.##.#..(#
#...# #
#..#.....#
#...# ..
#.#....=# #...#
#.. #....####
##.## #.###...#
#.#


You could see 3 wights.

Vanquished Creatures
  Crazy Yiuf (D:3)
  3 adders
  A shadow imp (D:4)
  A dart slug (D:2)
  A worm (D:2)
  2 orcs
  4 endoplasms
  7 giant cockroaches
  3 goblins
  8 hobgoblins
  8 jackals
  A quokka (D:3)
  5 ball pythons
  5 bats
  A frilled lizard (D:1)
  5 kobolds
  5 rats
61 creatures vanquished.

Vanquished Creatures (others)
  4 plants (D:3)
4 creatures vanquished.

Grand Total: 65 creatures vanquished

Notes
Turn   | Place    | Note
-------+----------+-------------------------------------------
     0 | Abyss:1  | Gargoyl the Gnoll Abyssal Knight began the quest for the
                  | Orb.
     0 | Abyss:1  | Reached XP level 1. HP: 23/23 MP: 3/3
    28 | D:1      | Escaped the Abyss
    80 | D:1      | Found Inouleck's Book Shop.
   161 | D:1      | Found a faded altar of an unknown god.
   163 | D:1      | Reached * piety under Lugonu
   164 | D:1      | Reached XP level 2. HP: 17/29 MP: 5/5
   891 | D:1      | Reached XP level 3. HP: 33/35 MP: 6/6
  1093 | D:2      | Identified a scroll of acquirement
  1093 | D:2      | Acquired a +5 war axe of venom
  1124 | D:2      | Found Cesuc's Magic Scroll Boutique.
  1210 | D:2      | Bought a scroll of teleportation for 42 gold pieces
  1277 | D:2      | Reached skill level 1 in Short Blades
  1277 | D:2      | Reached skill level 1 in Long Blades
  1277 | D:2      | Reached skill level 1 in Maces & Flails
  1277 | D:2      | Reached skill level 1 in Polearms
  1277 | D:2      | Reached skill level 1 in Staves
  1277 | D:2      | Reached skill level 1 in Slings
  1277 | D:2      | Reached skill level 1 in Bows
  1277 | D:2      | Reached skill level 1 in Crossbows
  1277 | D:2      | Reached skill level 1 in Throwing
  1277 | D:2      | Reached skill level 1 in Stealth
  1277 | D:2      | Reached skill level 1 in Shields
  1277 | D:2      | Reached skill level 1 in Unarmed Combat
  1277 | D:2      | Reached skill level 1 in Spellcasting
  1277 | D:2      | Reached skill level 1 in Evocations
  1277 | D:2      | Reached XP level 4. HP: 36/41 MP: 7/7
  1988 | D:3      | Found Junec's Armour Shoppe.
  2062 | D:3      | Reached ** piety under Lugonu
  2131 | D:3      | Found Podeca's Magic Scroll Boutique.
  2167 | D:3      | Found Olezatele's Distillery.
  2268 | D:3      | Found a blossoming altar of Fedhas.
  2390 | D:3      | Reached skill level 1 in Conjurations
  2390 | D:3      | Reached skill level 1 in Hexes
  2390 | D:3      | Reached skill level 1 in Summonings
  2390 | D:3      | Reached skill level 1 in Necromancy
  2390 | D:3      | Reached skill level 1 in Translocations
  2390 | D:3      | Reached skill level 1 in Transmutations
  2390 | D:3      | Reached skill level 1 in Fire Magic
  2390 | D:3      | Reached skill level 1 in Ice Magic
  2390 | D:3      | Reached skill level 1 in Air Magic
  2390 | D:3      | Reached skill level 1 in Earth Magic
  2390 | D:3      | Reached skill level 1 in Poison Magic
  2585 | D:3      | Found a runed translucent door.
  2586 | D:3      | Noticed Crazy Yiuf
  2672 | D:3      | Found Ynkarokk's Antique Armour Boutique.
  2680 | D:3      | Found Ubifotaf's Book Shoppe.
  2853 | D:3      | Killed Crazy Yiuf
  2854 | D:3      | Reached XP level 5. HP: 17/47 MP: 8/8
  3334 | D:4      | Found a sacrificial altar of Ru.
  3405 | D:4      | Slain by a wight

Illustrated notes

Levels and vault maps discovered:
D:1:      minmay_arrival_pointy, layout_rooms,
          hellmonk_ecumenical_altar_blasted, serial_shops, shop
D:2:      layout_rooms, serial_shops,
          nicolae_shop_temple_entry_statues_fountains, eino_tiny_chamber,
          supply_closet_lemuel, corexii_shack, chequers_serial_rivers_large_a
D:3:      layout_loops_ring, fedhas_ov_isle_minmay, serial_forest,
          infiniplex_forest_straight_3, infiniplex_forest_clump_small,
          infiniplex_forest_clump_curved, infiniplex_forest_lined_ring,
          serial_shops, shop, shop, nicolae_shop_waterfront, shop, shop,
          uniq_crazy_yiuf_cottage
D:4:      layout_rooms, overflow_temple_1_default, serial_curves,
          eino_curves_03, eino_curves_01, eino_curves_04,
          kennysheep_pointless_box, nicolae_elevator_lobby_asterisk

Skill      XL: |  1  2  3  4 |
---------------+-------------+-----
Short Blades   | 1 |  1.4
Long Blades    | 1 |  1.4
Maces & Flails | 1 |  1.4
Polearms       | 1 |  1.4
Staves         | 1 |  1.4
Slings         | 1 |  1.4
Bows           | 1 |  1.4
Crossbows      | 1 |  1.4
Throwing       | 1 |  1.4
Stealth        | 1 |  1.4
Shields        | 1 |  1.4
Unarmed Combat | 1 |  1.4
Spellcasting   | 1 |  1.4
Evocations     | 1 |  1.4
Conjurations   | 1 |  1.1
Hexes          | 1 |  1.1
Summonings     | 1 |  1.1
Necromancy     | 1 |  1.1
Translocations | 1 |  1.1
Transmutations | 1 |  1.1
Fire Magic     | 1 |  1.1
Ice Magic      | 1 |  1.1
Air Magic      | 1 |  1.1
Earth Magic    | 1 |  1.1
Poison Magic   | 1 |  1.1
Fighting       | |  6.6
Axes           | |  4.7
Armour         | |  4.7
Dodging        | |  2.9
Invocations    | |  4.8

Action                   |  1- 3 |  4- 6 || total
-------------------------+-------+-------++-------
Melee: Hand axe          |    64 |       ||    64
       Bite              |     3 |     4 ||     7
       War axe           |    12 |    60 ||    72
Invok: Depart the Abyss  |     1 |       ||     1
  Use: Scroll            |     4 |       ||     4
Armor: Leather armour    |    45 |    12 ||    57
       Ring mail         |       |     1 ||     1
Dodge: Dodged            |    97 |    42 ||   139

Table legend: (Time is in decaauts)
 A = Elapsed time spent in this place.
 B = Non-inter-level travel time spent in this place.
 C = Inter-level travel time spent in this place.
 D = Time resting spent in this place.
 E = Time spent auto-exploring this place.
 F = Levels seen in this place.
 G = Mean time per level.
                   A        B        C        D        E       F      G
               +--------+--------+--------+--------+--------+-----+--------+
         Total |   3439 |   3245 |    194 |    238 |   2461 |   5 |  687.8 |
       Dungeon |   3411 |   3217 |    194 |    238 |   2434 |   4 |  852.8 |
         Abyss |     28 |     28 |      0 |      0 |     27 |   1 |   28.0 |
               +--------+--------+--------+--------+--------+-----+--------+

Top non-repeatable levels by time:
     D:3: 1360 daAuts
     D:1: 1012 daAuts
     D:2: 955 daAuts
     D:4: 82 daAuts
 Abyss:1: 28 daAuts
